 Dungeon Crawl Stone Soup version 0.19.0-19-g8c6edcc (webtiles) character file.

959 Mysteryquy the Cleaver (level 7, -2/57 HPs)
             Began as a Minotaur Fighter on Nov 12, 2016.
             Slain by an orc warrior
             ... wielding a +0 glaive
              (22 damage)
             ... on level 6 of the Dungeon.
             The game lasted 00:06:12 (3579 turns).

Mysteryquy the Cleaver (Minotaur Fighter)           Turns: 3579, Time: 00:06:14

Health: -2/57      AC: 11    Str: 23    XL:     7   Next: 92%
Magic:  6/6        EV:  7    Int:  5    God:
Gold:   116        SH:  9    Dex:  9    Spells: 0 memorised, 6 levels left

rFire  . . .     SeeInvis .     a - +0 war axe
rCold  . . .     Gourm    .     g - +2 scale mail {rPois}
rNeg   . . .     Faith    .     c - +0 shield
rPois  +         Spirit   .     (helmet restricted)
rElec  .         Reflect  .     L - +0 cloak
rCorr  .         Harm     .     I - +0 pair of gloves
MR     .....                    (no boots)
Stlth  ..........               (no amulet)
                                (no ring)
                                (no ring)

@: no status effects
A: retaliatory headbutt, horns 2
a: no special abilities


You were on level 6 of the Dungeon.
You were not hungry.

You visited 1 branch of the dungeon, and saw 6 of its levels.

You collected 221 gold pieces.
You spent 105 gold pieces at shops.

Inventory:

Hand Weapons
 a - a +0 war axe (weapon)
Armour
 b - a +0 scale mail
 c - a +0 shield (worn)
 g - a +2 scale mail of poison resistance (worn)
 F - the +0 ring mail of Faungeul {Dex+3}
   (You found it on level 4 of the Dungeon)

   It affects your dexterity (+3).
 I - a +0 pair of gloves (worn)
 J - a cursed +0 ring mail
 L - a +0 cloak (worn)
Jewellery
 s - a cursed amulet of inaccuracy
 D - an uncursed amulet of faith
Scrolls
 h - 2 scrolls of magic mapping {unknown}
 i - 6 scrolls of remove curse
 j - 2 scrolls of fog {unknown}
 m - 2 scrolls of fear {unknown}
 n - 5 scrolls of identify
 o - a scroll of random uselessness {unknown}
 q - 2 scrolls of amnesia {unknown}
 r - a scroll of teleportation {unknown}
 x - a scroll of enchant armour {unknown}
 y - 2 scrolls of blinking
 B - a scroll of noise {unknown}
 C - a scroll of immolation {unknown}
 G - 3 scrolls of recharging {unknown}
 K - a scroll of holy word {unknown}
 N - a scroll of vulnerability {unknown}
Potions
 d - 2 potions of might
 e - a potion of degeneration {unknown}
 l - a potion of resistance {unknown}
 t - 4 potions of curing {unknown}
 v - a potion of haste {unknown}
 w - a potion of invisibility {unknown}
 z - a potion of flight {unknown}
 A - 4 potions of heal wounds {unknown}
 E - a potion of lignification {unknown}
 H - 2 potions of agility {unknown}
 M - a potion of berserk rage {unknown}
Comestibles
 f - 8 bread rations
 k - 3 slices of pizza
 p - 2 meat rations
 u - 7 fruits
 O - a chunk of flesh


   Skills:
 - Level 3.6 Fighting
 + Level 11.0 Axes
 - Level 3.6 Armour
 - Level 3.6 Shields


You had 6 spell levels left.
You didn't know any spells.

Dungeon Overview and Level Annotations

Branches:
Dungeon (6/15)
 Temple: D:4-7

Altars:
Ashenzari
Trog
Vehumet
The Shining One

Shops:
D:5 ?


Innate Abilities, Weirdness & Mutations

You reflexively headbutt those who attack you in melee.
You have a pair of horns on your head.


Message History

HP restored. 2 orcs, an orc warrior and an orc priest come into view.
The orc warrior shouts!
The orc shouts!
The orc priest shouts!
The orc priest mumbles some strange prayers to Beogh against you.
Beogh smites you!
Found 21 bolts.
You block the orc warrior's attack. The orc barely misses you.
You hit the orc. You headbutt the orc.
You kill the orc!
The orc warrior barely misses you.
Things that are here:
a short sword; a leather armour You hit the orc warrior.
You headbutt the orc warrior!
The orc warrior is moderately wounded.
The orc warrior hits you with a glaive!!
You slash the orc warrior!
You headbutt the orc warrior, but do no damage.
The orc warrior is almost dead.
The orc warrior hits you with a glaive!!
You die...

#####.# #...<.## ##
#......######. #
#####.............
#.#..........######.
#.#.####.........##.
+................##.
###.#####...)....###
#@#####........# #
#o#............# #
#o#............# #
#o#............# #
#.#..########### #
.(#..# #.#### #.#


You could see an orc warrior, an orc priest and an orc.

Vanquished Creatures
  Sigmund (D:6)
  A phantom (D:4)
  A black bear (D:6)
  A scorpion (D:5)
  3 crimson imps
  4 hounds
  Crazy Yiuf (D:5)
  Jessica (D:2)
  A centaur skeleton (D:4)
  2 worker ants
  A hound zombie (D:5)
  A hound skeleton (D:3)
  A worker ant zombie (D:5)
  8 adders
  5 oozes
  A worm (D:2)
  2 dart slugs
  5 leopard geckos
  9 orcs
  A ball python (D:1)
  8 bats
  3 giant cockroaches
  12 goblins
  8 hobgoblins
  4 jackals (D:3)
  5 kobolds
  3 quokkas
  A frilled lizard (D:3)
  9 rats
  2 bushes (D:1)
105 creatures vanquished.

Notes
Turn   | Place    | Note
-------+----------+-------------------------------------------
     0 | D:1      | Mysteryquy the Minotaur Fighter began the quest for the Orb.
     0 | D:1      | Reached XP level 1. HP: 19/19 MP: 0/0
    46 | D:1      | Reached skill level 3 in Axes
    63 | D:1      | Reached XP level 2. HP: 24/26 MP: 1/1
   305 | D:1      | Reached skill level 4 in Axes
   543 | D:2      | Reached XP level 3. HP: 29/31 MP: 2/2
   661 | D:2      | Reached skill level 5 in Axes
   772 | D:2      | Reached XP level 4. HP: 37/39 MP: 3/3
   971 | D:2      | Noticed Jessica
   976 | D:2      | Killed Jessica
   976 | D:2      | Reached skill level 6 in Axes
  1283 | D:3      | Reached XP level 5. HP: 45/45 MP: 4/4
  1289 | D:3      | Found a bloodstained altar of Trog.
  1764 | D:4      | Reached skill level 7 in Axes
  1951 | D:4      | Found a shattered altar of Ashenzari.
  2073 | D:4      | Got an ancient ring mail
  2084 | D:4      | Identified the cursed +0 ring mail of Faungeul {Dex+3} (You found it on level 4 of the Dungeon)
  2117 | D:4      | Reached XP level 6. HP: 49/51 MP: 5/5
  2405 | D:4      | Reached skill level 8 in Axes
  2568 | D:4      | Found a radiant altar of Vehumet.
  2693 | D:5      | Entered Level 5 of the Dungeon
  2726 | D:5      | Reached skill level 9 in Axes
  2765 | D:5      | Found Buhaox's Magic Scroll Shop.
  2768 | D:5      | Bought a scroll of blinking for 105 gold pieces
  2800 | D:5      | Found a glowing golden altar of the Shining One.
  3066 | D:5      | Reached XP level 7. HP: 57/57 MP: 6/6
  3391 | D:5      | Found a runed door.
  3395 | D:5      | Noticed Crazy Yiuf
  3401 | D:5      | Paralysed by Crazy Yiuf for 3 turns
  3407 | D:5      | Killed Crazy Yiuf
  3473 | D:6      | Reached skill level 10 in Axes
  3547 | D:6      | Noticed Sigmund
  3558 | D:6      | Killed Sigmund
  3558 | D:6      | Reached skill level 11 in Axes
  3579 | D:6      | Slain by an orc warrior

Skill      XL: |  1  2  3  4  5  6  7 |
---------------+----------------------+-----
Axes           | 3 4 5 6 7 9 11 | 11.0
Fighting       | |  3.6
Armour         | |  3.6
Shields        | |  3.6

Action                   |  1- 3 |  4- 6 |  7- 9 || total
-------------------------+-------+-------+-------++-------
Melee: War axe           |   141 |   139 |    52 ||   332
       Headbutt          |    29 |    27 |    11 ||    67
  Use: Scroll            |       |     4 |       ||     4
  Eat: Chunk             |       |     6 |     3 ||     9
Armor: Scale mail        |    39 |    45 |    16 ||   100
       Ring mail         |       |    14 |       ||    14
Dodge: Dodged            |    25 |    38 |     9 ||    72
Block: Shield            |    35 |    63 |    18 ||   116
